 Dungeon Crawl Stone Soup version 0.26-a0-504-g0cf647090d (webtiles) character file.

Game seed: 9914778993500889959

4 Ge0ff the Grasshopper (level 1, -5/17 HPs)
             Began as a Barachi Warper on Aug 8, 2020.
             Slain by a gnoll
             ... wielding a +0 whip
              (8 damage)
             ... on level 4 of the Dungeon.
             The game lasted 00:01:14 (171 turns).

Ge0ff the Grasshopper (Barachi Warper)               Turns: 171, Time: 00:01:15

Health: -5/17      AC:  3    Str: 12    XL:     1   Next: 60%
Magic:  3/3        EV: 12    Int: 13    God:
Gold:   12         SH:  0    Dex: 11    Spells: 4/4 levels left

rFire    . . .     SeeInvis .     - Unarmed
rCold    . . .     Faith    .   (no shield)
rNeg     . . .     Spirit   .   a - +0 leather armour
rPois    .         Reflect  .   (no helmet)
rElec    .         Harm     .   (no cloak)
rCorr    .                      (no gloves)
MR       .....                  (no boots)
Stlth    +.........             (no amulet)
HPRegen  0.05/turn              (no ring)
MPRegen  0.08/turn              (no ring)

@: slow
A: +LOS, swims, slowness 1, strong legs 1
a: Hop


You were on level 4 of the Dungeon.
You visited 1 branch of the dungeon, and saw 5 of its levels.

You collected 12 gold pieces.

Inventory:

Hand Weapons
 C - a +2 short sword of holy wrath {don't train}
Missiles
 d - 5 boomerangs of dispersal (quivered) {don't train}
Armour
 a - a +0 leather armour (worn)
Scrolls
 B - a scroll of blinking


   Skills:
 - Level 2.4 Fighting
 - Level 1.0 Throwing
 - Level 1.2 Armour
 - Level 2.1 Dodging
 + Level 2.6 Unarmed Combat
 - Level 2.1 Spellcasting
   Level 3.2 Translocations


You had 4 spell levels left.
You didn't know any spells.
Your spell library contained the following spells:

 Spells                   Type           Power        Failure   Level
 Blink                    Tloc           N/A          12%         2
 Gell's Gravitas          Tloc           #.........   24%         3
 Lesser Beckoning         Tloc           #.........   24%         3
 Teleport Other           Tloc           #.......     24%         3
 Passage of Golubria      Tloc           N/A          63%         4


Dungeon Overview and Level Annotations

Branches:
Dungeon (5/15)
 Temple: D:4-7

Altars:

Annotations:
D:3 Natasha


Innate Abilities, Weirdness & Mutations

You can be seen from farther away. (+LOS)
You can swim through water.
You cover ground slowly.
You can hop short distances.


Message History

You swing at nothing.
You are now empty-handed.
Found 12 gold pieces.
Found a stone staircase leading down.
You now have 12 gold pieces.
Found a stone staircase leading up.
There is a stone staircase leading down here.
You climb downwards.
An orc comes into view. It is wielding a +0 flail.
The orc shouts!
Found a stone staircase leading up.
There is a stone staircase leading up here.
There is a stone staircase leading up here.
You climb upwards.
The gnoll shouts! x3; The adder hisses angrily.
A worm and a gnoll come into view.
The gnoll hits you with a +0 flail!
Ouch! That really hurt!
* * * LOW HITPOINT WARNING * * *
The gnoll hits you but does no damage. The gnoll hits you with a +0 whip!
You die...

##### #...#
#...# #..S+
#...# #..$#
#.g.#
#wg.#######
#g@........
#g..#######
#...# #...#
#...# #...#
##+##


You could see a worm, 4 gnolls and an adder.

Vanquished Creatures
  A goblin (D:4)
  A hobgoblin (D:1)
  A kobold (D:1)
3 creatures vanquished.

Notes
Turn   | Place    | Note
-------+----------+-------------------------------------------
     0 | D:1      | Ge0ff the Barachi Warper began the quest for the Orb.
     0 | D:1      | Reached XP level 1. HP: 17/17 MP: 3/3
    77 | D:3      | Noticed Natasha
    77 | D:3      | Noticed an orc priest
   165 | D:5      | Entered Level 5 of the Dungeon
   171 | D:4      | Slain by a gnoll

Illustrated notes

Levels and vault maps discovered:
D:1:      saegor_arrival_simple_e, layout_loops_ring
D:2:      layout_basic, lemuel_round_altar, minmay_misc_feat_pillars,
          okawaru_ov_weapons_minmay, uniq_terence
D:3:      layout_rooms, uniq_natasha
D:4:      layout_basic, evilmike_ruin_ashenzari, temple_statues
D:5:      layout_loops_ring

Action                   || total
-------------------------++-------
Melee: Unarmed           ||    14
       Punch             ||     1
 Abil: Hop               ||     2
  Use: Scroll            ||     2
Armor: Leather armour    ||     2
Dodge: Dodged            ||    10

Table legend: (Time is in decaauts)
 A = Elapsed time spent in this place.
 B = Non-inter-level travel time spent in this place.
 C = Inter-level travel time spent in this place.
 D = Time resting spent in this place.
 E = Time spent auto-exploring this place.
 F = Levels seen in this place.
 G = Mean time per level.
                   A        B        C        D        E       F      G
               +--------+--------+--------+--------+--------+-----+--------+
         Total |    210 |    210 |      0 |      0 |      0 |   5 |   42.0 |
       Dungeon |    210 |    210 |      0 |      0 |      0 |   5 |   42.0 |
               +--------+--------+--------+--------+--------+-----+--------+

Top non-repeatable levels by time:
     D:4: 109 daAuts
     D:1: 59 daAuts
     D:3: 17 daAuts
     D:2: 17 daAuts
     D:5: 6 daAuts
